 Dungeon Crawl Stone Soup version 0.18.1-8-gdd0e5ea (webtiles) character file.

40 Kri the Digger (level 3, -1/19 HPs)
             Began as a Gargoyle Earth Elementalist on May 22, 2016.
             Slain by a gnoll
             ... wielding a +0 halberd
              (17 damage)
             ... on level 2 of the Dungeon.
             The game lasted 00:04:47 (1055 turns).

Kri the Digger (Gargoyle Earth Elementalist)        Turns: 1055, Time: 00:04:47

Health: -1/19      AC:  6    Str: 11    XL:     3   Next: 50%
Magic:  2/7        EV: 12    Int: 16    God:
Gold:   20         SH:  0    Dex: 10    Spells: 2 memorised, 4 levels left

rFire  . . .     SeeInvis .     b - 40 stones
rCold  . . .     Gourm    .     a - +0 robe
rNeg   + . .     Faith    .     (no shield)
rPois  ∞         Spirit   .     (no helmet)
rElec  +         Dismiss  .     (no cloak)
rCorr  .         Reflect  .     o - +0 pair of gloves
SustAt .         Harm     +     (no boots)
MR     .....                    n - amulet of harm (curse)
Stlth  +.........               k - ring of loudness (curse)
                                e - ring of flight

@: not resistant to hostile enchantments, very unstealthy
A: negative energy resistance 1, electricity resistance, unbreathing,
petrification resistance, rot immunity, AC +3
a: Evoke Flight


You were on level 2 of the Dungeon.
You were not hungry.

You visited 1 branch of the dungeon, and saw 2 of its levels.

You collected 20 gold pieces.

Inventory:

Hand Weapons
 f - a +0 spear
 h - a +0 club
 l - a +0 short sword
Missiles
 b - 40 stones (in hand)
Armour
 a - a +0 robe (worn)
 o - a +0 pair of gloves (worn)
Jewellery
 e - a ring of flight (left hand)
 k - a cursed ring of loudness (right hand)
 n - a cursed amulet of harm (around neck)
Scrolls
 i - 2 scrolls of amnesia
 j - 2 scrolls of teleportation
Potions
 g - a potion of lignification {unknown}
Books
 c - a book of Geomancy

   Spells                             Type                      Level
   a - Sandblast                      Earth                        1
   b - Passwall                       Transmutation/Earth          2
   c - Stone Arrow                    Conjuration/Earth            3
   d - Petrify                        Transmutation/Earth          4
   e - Lee's Rapid Deconstruction     Earth                        5
Comestibles
 d - 2 bread rations
 m - a chunk of flesh


   Skills:
 - Level 1.5 Dodging
 - Level 2.1 Stealth
 * Level 3.0 Spellcasting
 + Level 0.2 Conjurations
   Level 0.7 Transmutations
 + Level 4.3 Earth Magic


You had 4 spell levels left.
You knew the following spells:

 Your Spells              Type           Power        Failure   Level  Hunger
a - Sandblast             Erth           ###...       3%          1    #......
b - Stone Arrow           Conj/Erth      #.....       21%         3    ###....


Dungeon Overview and Level Annotations

Branches:
Dungeon (2/15)

Altars:


Innate Abilities, Weirdness & Mutations

You are resistant to torment.
Your stone body is resilient (AC +3).
You are immune to poison.
You resist negative energy.
You are resistant to electric shocks.
You can survive without breathing.
You are immune to petrification.
You are immune to rotting.


Message History

Your Spellcasting skill increases to level 3!
The gnoll hits you from afar with a spear.
Casting: Sandblast
Confirm with . or Enter, or press ? or * to list all spells.
Aiming: Sandblast
Press: ? - help, Shift-Dir - straight line, f - gnoll
Aim: a gnoll, wielding a halberd The rocky blast hits the gnoll.
The gnoll is moderately wounded.
The gnoll misses you. The gnoll barely misses you.
Casting: Sandblast
Confirm with . or Enter, or press ? or * to list all spells.
Aiming: Sandblast
Press: ? - help, Shift-Dir - straight line, f/p - gnoll
Aim: a gnoll, wielding a halberd (moderately wounded)
The rocky blast hits the gnoll.
The gnoll is severely wounded.
The gnoll hits you from afar with a halberd!
Ouch! That really hurt!
You die...

#
#.########
#........#
#.@...#
#.)...#
#.gg..#
.......#
###.....#
###..##
..# ...
..##


You could see 2 gnolls.

Vanquished Creatures
  A gnoll (D:2)
  2 dart slugs (D:1)
  A giant gecko (D:1)
  A giant cockroach (D:1)
  A goblin (D:1)
  4 hobgoblins (D:1)
  5 jackals (D:1)
  A ball python (D:1)
  5 bats (D:1)
  2 giant newts (D:1)
  A kobold (D:1)
  A rat (D:1)
25 creatures vanquished.

Notes
Turn   | Place    | Note
--------------------------------------------------------------
     0 | D:1      | Kri the Gargoyle Earth Elementalist began the quest for the Orb.
     0 | D:1      | Reached XP level 1. HP: 10/10 MP: 3/3
   113 | D:1      | Reached XP level 2. HP: 15/15 MP: 3/5
   268 | D:1      | Reached skill level 4 in Earth Magic
   713 | D:1      | Reached XP level 3. HP: 19/19 MP: 4/7
   718 | D:1      | Learned a level 3 spell: Stone Arrow
  1055 | D:2      | Slain by a gnoll

Skill      XL: |  1  2  3 |
---------------+----------+-----
Earth Magic    | 4 |  4.3
Spellcasting   | 3 |  3.0
Dodging        | |  1.5
Stealth        | |  2.1
Conjurations   | |  0.2
Transmutations | |  0.7

Action                   || total
-------------------------++-------
 Cast: Sandblast         ||    38
 Abil: Evoke Flight      ||     1
  Use: Scroll            ||     5
  Eat: Chunk             ||     1
Armor: Robe              ||     4
Dodge: Dodged            ||     7
